 Dungeon Crawl Stone Soup version 0.28-a0-631-g0446da8ef9 (webtiles) character file.

Game seed: 4974621163987156626

852 bvjlrl the Vexing (level 7, -2/32 HPs)
             Began as a Spriggan Enchanter on Oct 10, 2021.
             Was a Follower of Dithmenos.
             Slain by a wyvern zombie (13 damage)
             ... on level 5 of the Dungeon.
             The game lasted 00:11:39 (5956 turns).

bvjlrl the Vexing (Spriggan Enchanter)              Turns: 5956, Time: 00:11:40

Health: -2/32      AC:  6    Str:  8    XL:     7   Next: 69%
Magic:  10/18      EV: 17    Int: 16    God:    Dithmenos [*.....]
Gold:   192        SH:  0    Dex: 18    Spells: 12/20 levels left

rFire   . . .      SeeInvis +   a - +1 dagger
rCold   . . .      Faith    .   (shield restricted)
rNeg    . . .      Spirit   .   b - +1 robe
rPois   +          Reflect  .   (helmet restricted)
rElec   .          Harm     .   f - +2 cloak {rPois}
rCorr   +          Rampage  .   (gloves unavailable)
Will    +....                   (boots unavailable)
Stlth   ++++......              (no amulet)
HPRegen 0.10/turn               k - ring of resist corrosion
MPRegen 0.16/turn               (no ring)

@: wreathed by umbra, very quick
A: very small, no large weapons, unfitting armour, see invisible, speed 3, agile
1, strong 1
a: Renounce Religion


You were on level 5 of the Dungeon.
You worshipped Dithmenos.
Dithmenos was aware of your devotion.
You visited 2 branches of the dungeon, and saw 6 of its levels.

You collected 192 gold pieces.

Inventory:

Hand Weapons
 a - a +1 dagger (weapon)
Armour
 b - a +1 robe (worn)
 f - a +2 cloak of poison resistance (worn)
Jewellery
 j - the ring "Jagi" {Ice Will++ Str+8 Dex-3}
   (You found it on level 4 of the Dungeon)

   [ring of ice]

   It enhances your ice magic.
   Str:       It affects your strength (+8).
   Dex:       It affects your dexterity (-3).
   rF:        It makes you vulnerable to fire.
   rC:        It protects you from cold.
   Will:      It greatly increases your willpower.
 k - a ring of resist corrosion (left hand)
Scrolls
 e - 3 scrolls of teleportation
Potions
 g - 2 potions of brilliance


   Skills:
 - Level 1.1 Short Blades
 - Level 2.6 Dodging
 + Level 7.1 Stealth
 + Level 7.2 Spellcasting
 + Level 7.6 Hexes


You had 12 spell levels left.
You knew the following spells:

 Your Spells              Type           Power      Damage    Failure   Level
a - Ensorcelled Hibernat  Hex/Ice        36%        N/A       3%          2
b - Tukima's Dance        Hex            30%        N/A       1%          3
c - Dazzling Flash        Conj/Hex       36%        N/A       8%          3

Your spell library contained the following spells:

 Spells                   Type           Power      Damage    Failure   Level
 Confusing Touch          Hex            30%        N/A       1%          3
 Portal Projectile        Hex/Tloc       36%        N/A       8%          3
 Blade Hands              Tmut           2%         N/A       98%         5
 Excruciating Wounds      Necr           2%         N/A       98%         5


Dungeon Overview and Level Annotations

Branches:
Dungeon (5/15)             Temple (1/1) D:4

Altars:
Ashenzari
Cheibriados
Dithmenos
Elyvilon
Fedhas
Gozag
Hepliaklqana
Kikubaaqudgha
Makhleb
Nemelex Xobeh
Okawaru
Qazlal
Ru
Sif Muna
Trog
Uskayaw
Vehumet
Xom
Yredelemnul
Zin
The Shining One


Innate Abilities, Weirdness & Mutations

You are very small and have problems with some larger weapons.
You are too small for most types of armour.
You have supernaturally acute eyesight. (SInv)
You cover ground extremely quickly. (Speed+++)
You are agile. (Dex +2)
Your muscles are strong. (Str +2)


Message History

The wyvern zombie is lightly damaged.
The wyvern zombie bites you but does no damage.
Your +0 dagger hits the wyvern zombie but does no damage.
You hit the wyvern zombie.
The wyvern zombie is moderately damaged.
Your +0 dagger falls from the air.
The wyvern zombie misses you.
You hit the wyvern zombie.
The wyvern zombie is moderately damaged.
The wyvern zombie barely misses you.
You barely miss the wyvern zombie.
The wyvern zombie is moderately damaged.
The wyvern zombie bites you but does no damage.
The wyvern zombie closely misses you.
You hit the wyvern zombie but do no damage.
The wyvern zombie is moderately damaged.
The wyvern zombie completely misses you.
You hit the wyvern zombie.
The wyvern zombie is moderately damaged.
The wyvern zombie closely misses you.
You hit the wyvern zombie but do no damage.
The wyvern zombie is moderately damaged.
The wyvern zombie barely misses you.
You hit the wyvern zombie.
The wyvern zombie is heavily damaged.
The wyvern zombie closely misses you.
The wyvern zombie bites you but does no damage.
You hit the wyvern zombie.
The wyvern zombie is heavily damaged.
The wyvern zombie bites you.
You barely miss the wyvern zombie.
The wyvern zombie is heavily damaged.
The wyvern zombie bites you!
You hit the wyvern zombie.
The wyvern zombie is severely damaged.
The wyvern zombie barely misses you.
You barely miss the wyvern zombie.
The wyvern zombie is severely damaged.
The wyvern zombie bites you!
You die...

.....<..?Z..# #.####.#
..o.........r# #......#
..o...........## ######[#
...........)...# #########.#
.o.............# #.........#
...............# #.......[.#
....S..........# #..[......#
...............####.........#
.... ........Z@)......[...#
... .......)####.........# .
........# #.........#
........# #.........#
........# #.........#
....$...# #######.#.#
........# #.#.# .........
.#.#


You could see a wyvern zombie.

Vanquished Creatures
  An ogre (D:5)
  3 scorpions
  A howler monkey (D:4)
  A hound (D:5)
  An orc priest (D:5)
  An iguana (D:3)
  A scorpion zombie (D:5)
  2 orc wizards (D:5)
  2 hound skeletons
  A howler monkey zombie (D:3)
  3 gnolls (D:4)
  6 adders
  4 adder skeletons
  2 dart slugs
  14 orcs
  9 endoplasms
  5 giant cockroaches
  8 goblins
  9 hobgoblins
  4 jackals (D:2)
  4 quokkas
  3 ball pythons
  A ball python zombie (D:3)
  9 bats
  5 frilled lizards
  8 kobolds
  3 rats
111 creatures vanquished.

Vanquished Creatures (collateral kills)
  Sigmund (D:2)
1 creature vanquished.

Vanquished Creatures (others)
  A dancing weapon (D:5)
  A withered plant (D:3)
2 creatures vanquished.

Grand Total: 114 creatures vanquished

Notes
Turn   | Place    | Note
-------+----------+-------------------------------------------
     0 | D:1      | bvjlrl the Spriggan Enchanter began the quest for the Orb.
     0 | D:1      | Reached XP level 1. HP: 9/9 MP: 5/5
   426 | D:1      | Reached XP level 2. HP: 12/13 MP: 7/7
   552 | D:1      | Learned a level 2 spell: Ensorcelled Hibernation
  1328 | D:2      | Reached XP level 3. HP: 16/16 MP: 6/9
  1338 | D:2      | Learned a level 3 spell: Tukima's Dance
  1342 | D:2      | Learned a level 3 spell: Dazzling Flash
  1549 | D:2      | Found a faded altar of an unknown god.
  2030 | D:2      | Noticed Sigmund
  2058 | D:2      | Killed Sigmund
  2059 | D:2      | Reached skill level 5 in Spellcasting
  2059 | D:2      | Reached skill level 5 in Hexes
  2059 | D:2      | Reached XP level 4. HP: 21/21 MP: 4/12
  2059 | D:2      | Reached XP level 5. HP: 24/24 MP: 4/13
  2952 | D:3      | Reached XP level 6. HP: 21/28 MP: 15/15
  3418 | D:4      | Identified the ring "Jagi" {Ice Will++ Str+8 Dex-3}
  3723 | D:3      | Reached skill level 5 in Stealth
  4123 | D:4      | Found a staircase to the Ecumenical Temple.
  4144 | Temple   | Entered the Ecumenical Temple
  4282 | Temple   | Became a worshipper of Dithmenos the Shadowed
  5178 | D:5      | Entered Level 5 of the Dungeon
  5282 | D:5      | Reached XP level 7. HP: 32/32 MP: 12/17
  5379 | D:5      | Gained mutation: Your muscles are strong. (Str +2) [potion
                  | of mutation]
  5379 | D:5      | Gained mutation: You are agile. (Dex +2) [potion of
                  | mutation]
  5694 | D:5      | Reached * piety under Dithmenos
  5900 | D:5      | Identified the +7 fustibalus "Emasmoc" {vorpal, rElec Str+4
                  | Int-5 Dex+4}
  5956 | D:5      | Slain by a wyvern zombie

Illustrated notes

Levels and vault maps discovered:
D:1:      sevenhm_arrival_forest_fort_large_4, layout_basic
D:2:      layout_rooms, shapermc_ecumenical_altar_notcrosses, uniq_sigmund
D:3:      layout_basic, serial_undead, serial_undead_f, serial_undead_f,
          serial_undead_f, serial_undead_e
D:4:      layout_basic, minmay_temple_entry_glass
D:5:      layout_basic
Temple:   kilobyte_greek_temple

Skill      XL: |  1  2  3  4  5  6  7 |
---------------+----------------------+-----
Spellcasting   | 3 5 6 7 |  7.2
Hexes          | 4 5 6 7 |  7.6
Stealth        | 5 7 |  7.1
Short Blades   | |  1.1
Dodging        | |  2.6

Action                   |  1- 3 |  4- 6 |  7- 9 || total
-------------------------+-------+-------+-------++-------
Melee: Dagger            |   203 |   216 |   176 ||   595
 Cast: Ensorcelled Hiber |     8 |    33 |    23 ||    64
       Tukima's Dance    |     1 |       |     4 ||     5
  Use: Scroll            |     5 |     1 |     1 ||     7
       Potion            |       |       |     6 ||     6
 Stab: Sleeping          |    13 |    23 |    12 ||    48
       Distracted        |       |     2 |       ||     2
       Invisible         |       |       |     3 ||     3
Armor: Robe              |    47 |    42 |    18 ||   107
Dodge: Dodged            |   147 |   166 |   110 ||   423

Table legend: (Time is in decaauts)
 A = Elapsed time spent in this place.
 B = Non-inter-level travel time spent in this place.
 C = Inter-level travel time spent in this place.
 D = Time resting spent in this place.
 E = Time spent auto-exploring this place.
 F = Levels seen in this place.
 G = Mean time per level.
                   A        B        C        D        E       F      G
               +--------+--------+--------+--------+--------+-----+--------+
         Total |   4759 |   4621 |    138 |    550 |   2973 |   6 |  793.2 |
       Dungeon |   4640 |   4526 |    114 |    550 |   2894 |   5 |  928.0 |
        Temple |    118 |     95 |     23 |      0 |     79 |   1 |  118.0 |
               +--------+--------+--------+--------+--------+-----+--------+

Top non-repeatable levels by time:
     D:4: 1247 daAuts
     D:2: 1107 daAuts
     D:3: 915 daAuts
     D:1: 869 daAuts
     D:5: 501 daAuts
  Temple: 118 daAuts
